 Dungeon Crawl Stone Soup version 0.25-a0-663-gace7076 (webtiles) character file.

Game seed: 9138940826263646446, levelgen mode: deterministic

260 MrTaco21 the Cudgeler (level 6, -2/37 HPs)
             Began as a Gargoyle Fighter on Mar 24, 2020.
             Was an Initiate of Qazlal.
             Killed by nerve-wracking pain
             ... invoked by Grinder
              (5 damage)
             ... while paralysed by Grinder
             ... on level 2 of the Dungeon.
             The game lasted 00:04:43 (3001 turns).

MrTaco21 the Cudgeler (Gargoyle Fighter)            Turns: 3001, Time: 00:04:44

Health: -2/37      AC: 10    Str: 21    XL:     6   Next: 17%
Magic:  6/6        EV:  2    Int:  9    God:    Qazlal [......]
Gold:   110        SH:  0    Dex:  9    Spells: 5/5 levels left

rFire    . . .     SeeInvis .   r - +0 mace (drain)
rCold    . . .     Gourm    .   c - +0 kite shield
rNeg     + . .     Faith    .   j - +0 ring mail (curse)
rPois    ∞         Spirit   .   (no helmet)
rElec    +         Reflect  .   (no cloak)
rCorr    .         Harm     .   (no gloves)
MR       .....                  (no boots)
Stlth    ..........             (no amulet)
HPRegen  0.12/turn              (no ring)
MPRegen  0.10/turn              (no ring)

@: paralysed
A: negative energy resistance 1, electricity resistance, unbreathing,
petrification resistance, rot immunity, AC +4
a: Renounce Religion


You were on level 2 of the Dungeon.
You worshipped Qazlal.
Qazlal was noncommittal.
You were not hungry.

You visited 1 branch of the dungeon, and saw 4 of its levels.

You collected 110 gold pieces.

Inventory:

Hand Weapons
 a - a +0 flail
 r - a +0 mace of draining (weapon)
   (You took it off an orc on level 3 of the Dungeon)
Missiles
 o - 13 poisoned darts (quivered)
Armour
 b - a +0 scale mail
 c - a +0 kite shield (worn)
 j - a cursed +0 ring mail (worn)
   (You found it on level 4 of the Dungeon)
Wands
 t - a wand of flame (20)
   (You took it off Terence on level 3 of the Dungeon)
Scrolls
 f - a scroll of fear {unknown}
 g - a scroll of magic mapping {unknown}
 h - 5 scrolls of remove curse {unknown}
 k - a scroll of blinking {unknown}
 l - 2 scrolls of enchant weapon {unknown}
 m - a scroll of teleportation {unknown}
 n - a scroll of random uselessness {unknown}
 q - a scroll of immolation {unknown}
Potions
 d - a potion of might
 i - a potion of brilliance {unknown}
 p - a potion of lignification {unknown}
Comestibles
 e - 4 rations {!d}
 s - a chunk of flesh


   Skills:
 - Level 3.2 Fighting
 + Level 6.3 Maces & Flails
 - Level 3.2 Armour
 - Level 3.2 Shields


You had 5 spell levels left.
You didn't know any spells.
Your spell library was empty.

Dungeon Overview and Level Annotations

Branches:
Dungeon (4/15)
 Temple: D:4-7

Altars:
Qazlal
Uskayaw

Annotations:
D:2 Grinder


Innate Abilities, Weirdness & Mutations

You are resistant to torment.
Your stone body is resilient. (AC +4)
You are immune to poison.
You resist negative energy. (rN+)
You are resistant to electric shocks. (rElec)
You can survive without breathing.
You are immune to petrification.
You are immune to rotting.


Message History

Grinder blinks!
You see here the felid corpse of Natasha.
Grinder blinks!
You completely miss Grinder. You block Grinder's attack.
You closely miss Grinder. Grinder hits you.
You writhe in agony.
Grinder blinks!
Grinder gestures at you. You resist with significant effort.
You see here the felid corpse of Natasha.
You butcher the felid corpse of Natasha.
s - 2 chunks of flesh You see here the felid skeleton of Natasha. x2
You start resting.
Eating one of 2 chunks of flesh.
You eat one of the 2 chunks of flesh.
Grinder is too close now for your liking.
Grinder hits you.
You barely miss Grinder. Grinder hits you.
* * * LOW HITPOINT WARNING * * *
You writhe in agony.
* * * LOW HITPOINT WARNING * * *
Grinder gestures at you.
You suddenly lose the ability to move!
Grinder hits you but does no damage. Grinder gestures at you.
Pain shoots through your body!
* * * LOW HITPOINT WARNING * * *
Grinder hits you but does no damage.
You can move again.
You see here the felid skeleton of Natasha.
There is a stone staircase leading up here.
Grinder hits you but does no damage.
You climb upwards.
There is a stone staircase leading down here.
You hit Grinder. You block Grinder's attack.
You hit Grinder. Grinder hits you but does no damage.
You sock Grinder! Grinder gestures at you.
You are unaffected.
You hit Grinder. Grinder barely misses you.
You hit Grinder. Grinder gestures at you. Pain shoots through your body!
* * * LOW HITPOINT WARNING * * *
You hit Grinder. Grinder hits you.
* * * LOW HITPOINT WARNING * * *
Grinder gestures at you.
You suddenly lose the ability to move!
Grinder gestures at you. Pain shoots through your body!
You die...

####### #.......(#
#.....# #........###
#.....# #...........
#.....#####...........
#...........#.........
#...........#.........
#...........#.........
#...5.......#.........
#....@......+.........
#...........#.........
#####.......#.........
#.................
#.#(.....#######.)
#........# ##.
#........# ####.
#####........# #....
#............# #....


You could see Grinder.

Vanquished Creatures
  A hound (D:4)
  Terence (D:3)
  Natasha (twice) (D:3)
  4 gnolls (D:3)
  5 adders
  An ooze (D:3)
  A worm (D:2)
  4 leopard geckos
  8 orcs (D:3)
  3 giant cockroaches
  7 goblins
  4 hobgoblins
  2 jackals (D:3)
  A quokka (D:2)
  3 bats
  4 frilled lizards
  4 kobolds
  A quokka skeleton (D:4)
  6 rats
62 creatures vanquished.

Notes
Turn   | Place    | Note
-------+----------+-------------------------------------------
     0 | D:1      | MrTaco21 the Gargoyle Fighter began the quest for the Orb.
     0 | D:1      | Reached XP level 1. HP: 14/14 MP: 1/1
   243 | D:1      | Reached XP level 2. HP: 19/19 MP: 2/2
   283 | D:1      | Reached skill level 3 in Maces & Flails
   958 | D:2      | Reached XP level 3. HP: 13/23 MP: 3/3
  1109 | D:2      | Reached skill level 4 in Maces & Flails
  1248 | D:2      | Reached XP level 4. HP: 25/28 MP: 4/4
  1442 | D:3      | Found a hide-covered altar of Uskayaw.
  1444 | D:3      | Noticed a +0 hand axe
  1445 | D:3      | Noticed a +0 dagger
  1799 | D:3      | Reached skill level 5 in Maces & Flails
  1845 | D:3      | Reached XP level 5. HP: 32/32 MP: 5/5
  1862 | D:3      | Noticed Terence
  2011 | D:3      | Noticed Natasha
  2369 | D:3      | Killed Terence
  2382 | D:3      | Killed Natasha
  2553 | D:3      | Reached skill level 6 in Maces & Flails
  2563 | D:3      | Reached XP level 6. HP: 37/37 MP: 6/6
  2600 | D:3      | Found a stormy altar of Qazlal.
  2625 | D:3      | Became a worshipper of Qazlal Stormbringer
  2659 | D:3      | Noticed Grinder
  2670 | D:3      | Noticed Natasha
  2959 | D:3      | Killed Natasha
  2987 | D:3      | Paralysed by Grinder for 5 turns
  3000 | D:2      | Paralysed by Grinder for 4 turns
  3001 | D:2      | Killed from afar by Grinder

Levels and vault maps discovered:
D:1:      lemuel_arrival_lava_pool, layout_basic
D:2:      layout_basic
D:3:      layout_loops_ring, lemuel_doored_altar, dancing_weapons_uskayaw,
          minmay_door_square, grunt_qazlal_clouds, uniq_natasha, uniq_terence,
          uniq_grinder
D:4:      layout_loops_ring, first_ration, minmay_misc_feat_tower

Skill      XL: |  1  2  3  4  5 |
---------------+----------------+-----
Maces & Flails | 3 4 5 6 |  6.3
Fighting       | |  3.2
Armour         | |  3.2
Shields        | |  3.2

Action                   |  1- 3 |  4- 6 || total
-------------------------+-------+-------++-------
Melee: Flail             |   116 |    75 ||   191
       Mace              |       |   128 ||   128
  Eat: Chunk             |     1 |     6 ||     7
Armor: Scale mail        |    80 |    39 ||   119
       Ring mail         |       |    54 ||    54
Dodge: Dodged            |    40 |    59 ||    99
Block: Kite shield       |    51 |   110 ||   161

Table legend:
 A = Non-vault XP
 B = Vault XP
 C = Vault XP percentage of total XP
 D = Non-vault monster count
 E = Vault monster count
 F = Vault count percentage of total count
                 A         B        C        D         E       F
            +---------+---------+-------+---------+---------+-------
      Total |     301 |      71 |  19.1 |      60 |       2 |   3.2
            +---------+---------+-------+---------+---------+-------
        D:1 |      26 |       0 |   0.0 |      14 |       0 |   0.0
        D:2 |      71 |       0 |   0.0 |      13 |       0 |   0.0
        D:3 |     163 |      71 |  30.3 |      31 |       2 |   6.1
        D:4 |      41 |       0 |   0.0 |       2 |       0 |   0.0
            +---------+---------+-------+---------+---------+-------
